[Event "LR Global GM Aspirant-1 2024"]
[Site "Dhaka"]
[Date "2024.02.14"]
[Round "3.3"]
[White "Mayank Chakraborty"]
[Black "Panesar Vedant"]
[Result "1/2-1/2"]
[ECO "E20"]
[WhiteElo "2409"]
[BlackElo "2452"]
[Annotator "TA"]
[PlyCount "38"]
[EventDate "2024.02.12"]
[EventType "tourn"]
[EventCountry "BAN"]
[SourceTitle "playchess.com"]
[Source "ChessBase"]
[SourceQuality "1"]
[TimeControl "5400+30"]

1. d4 Nf6 2. c4 e6 3. Nc3 Bb4 4. Bd2 c5 5. dxc5 Bxc5 6. Nf3 O-O 7. g3 d5 8. cxd5 exd5 9. Bg2 Nc6 10. Na4 Be7 11. O-O d4 {[%emt 0:00:18] [#]} 12. b4 $1 a6 13. Rc1 Bg4 14. Nc5 Bxc5 15. bxc5 Re8 16. Bf4 Nh5 $2 {[%emt 0:00:01] [#]} (16... Ne4 $11 17. Qc2 Qd7) 17. Bd2 $2 {[%emt 0:00:07] This pair of bishops is nice.} (17. Bd6 $16) 17... Nf6 18. Bf4 Nh5 (18... Ne4 $11 {remains equal.} 19. Qc2 Qd7) 19. Bd2 (19. Bd6 $16) 19... Nf6 {[%emt 0:00:31] Weighted Error Value: White=0.30/Black=0.38.  Mistake:       	White=2     	Black=2      OK:         	White=5     	Black=8} 1/2-1/2

[Event "LR Global GM Aspirant-1 2024"]
[Site "Dhaka"]
[Date "2024.02.14"]
[Round "3.4"]
[White "Murshed, Niaz"]
[Black "Liyanage, Ranindu Dilshan"]
[Result "0-1"]
[ECO "D35"]
[WhiteElo "2363"]
[BlackElo "2366"]
[Annotator "TA"]
[PlyCount "48"]
[EventDate "2024.02.12"]
[EventType "tourn"]
[EventCountry "BAN"]
[SourceTitle "playchess.com"]
[Source "ChessBase"]
[SourceQuality "1"]
[TimeControl "5400+30"]

1. d4 Nf6 2. c4 e6 3. Nf3 d5 4. Nc3 Nbd7 5. cxd5 exd5 6. Bf4 Bb4 7. Rc1 O-O 8. e3 c5 9. Be2 {[%emt 0:02:03][%cal Bf1e2,Be2f3,Bf3g4][%mdl 32] The position is equal.} c4 10. Nd2 Qa5 11. Qc2 Re8 12. O-O b5 13. Bf3 Bb7 14. Ra1 {[%emt 0:05:41] Threatening a4.} Bf8 15. a3 Rec8 (15... Qb6 $11) 16. g4 $16 Nb6 17. g5 Ne8 18. Bg4 Rc6 19. Nf3 Bd6 20. Kg2 (20. h4 $16) 20... Bc8 21. Bxc8 Rcxc8 22. h4 Qa6 23. h5 Qb7 (23... Bxf4 $11 24. exf4 Rd8) 24. Nxb5 $2 {[%emt 0:02:08][%mdl 8192] [#]} (24. Qf5 $14 {keeps the upper hand.}) 24... Bxf4 {[%emt 0:00:35] Weighted Error Value: White=0.37/Black=0.17 (very precise) .  Loses game:     	White=1     	---        Mistake:       	White=1     	Black=2      Inaccurate:     	White=2     	Black=3      OK:         	White=5     	Black=7      Best:        	---       	Black=1} 0-1

[Event "LR Global GM Aspirant-1 2024"]
[Site "Dhaka"]
[Date "2024.02.14"]
[Round "3.5"]
[White "Barua, Dibyendu"]
[Black "Rahman, Ziaur"]
[Result "1/2-1/2"]
[ECO "B58"]
[WhiteElo "2404"]
[BlackElo "2428"]
[Annotator "TA"]
[PlyCount "29"]
[EventDate "2024.02.12"]
[EventType "tourn"]
[EventCountry "BAN"]
[SourceTitle "playchess.com"]
[Source "ChessBase"]
[SourceQuality "1"]
[TimeControl "5400+30"]

1. e4 c5 2. Nf3 Nc6 3. d4 cxd4 4. Nxd4 Nf6 5. Nc3 d6 6. Be2 e5 7. Nf3 h6 8. O-O Be7 9. Re1 O-O 10. h3 Be6 11. Bf1 Qa5 12. Bd2 Qd8 13. Bc1 {[%emt 0:03:25] The position is equal.} Qa5 14. Bd2 Qd8 15. Bc1 {[%emt 0:00:56] Not much happened in this game.   Weighted Error Value: White=0.04 (flawless) /Black=0.00 (flawless) .  OK:         	White=1     	Black=1} 1/2-1/2

[Event "LR Global GM Aspirant-1 2024"]
[Site "Dhaka"]
[Date "2024.02.15"]
[Round "4.1"]
[White "De Silva, L M S T"]
[Black "Rahman, Ziaur"]
[Result "0-1"]
[ECO "B22"]
[WhiteElo "2398"]
[BlackElo "2428"]
[Annotator "TA"]
[PlyCount "68"]
[EventDate "2024.02.12"]
[EventType "tourn"]
[EventCountry "BAN"]
[SourceTitle "playchess.com"]
[Source "ChessBase"]
[SourceQuality "1"]
[TimeControl "5400+30"]

1. e4 c5 2. c3 Nf6 3. e5 Nd5 4. Nf3 d6 5. Bb5+ Bd7 6. Bc4 e6 7. O-O Bc6 8. d4 {[%emt 0:00:00] The position is equal.} Nd7 9. Qe2 dxe5 10. dxe5 Be7 11. Bd3 g5 12. a3 g4 13. Ne1 Bg5 $1 14. c4 (14. Bd2 $1 $15 {feels stronger.}) 14... Nf4 $1 $17 (14... Bxc1 15. cxd5 exd5 16. Bf5 $11) 15. Bxf4 Bxf4 16. Qxg4 Bxe5 {[%emt 0:00:00] This pair of bishops is nice.} ({Much weaker is} 16... Nxe5 $6 17. Qxf4 Nxd3 18. Nxd3 Qxd3 19. Nc3 $11) 17. Qe2 Rg8 {[%emt 0:00:00] And now ...Qh4 would win.} 18. g3 Qc7 19. Nf3 (19. Bxh7 $15 Rg7 20. Be4) 19... Bxf3 $1 20. Qxf3 Bxb2 $40 {[%emt 0:00:00][%mdl 128] Black attacks with force.} 21. Ra2 Ne5 22. Qe2 Bd4 {[%emt 0:00:00] White must now prevent ...0-0-0.} 23. Bxh7 {[%emt 0:00:00] White is weak on the dark squares} (23. Nd2 $142) 23... Rh8 24. Be4 {[%emt 0:00:00] [#]} f5 (24... O-O-O $1 $19 {Hoping for ...f5.} 25. Nd2 f5) 25. Bg2 O-O-O {[%emt 0:00:00][%cal Oh8h2] aiming for ...Rxh2!} 26. Nd2 Qh7 {[%emt 0:00:00] Black is much more active.} 27. h3 {[%emt 0:00:00] [#]} f4 28. Nf3 $2 {[%emt 0:00:00][%mdl 8192] This costs White the game.} (28. g4 $1 $15) 28... Nxf3+ $19 29. Qxf3 fxg3 30. Qxg3 (30. Kh1 gxf2 (30... Bxf2 $2 31. Rc1 $19) 31. Raxf2 Bxf2 32. Qxf2) 30... Rhg8 {[%emt 0:00:00] Black is clearly winning.} (30... Rdg8 $2 31. Qf3 $19) 31. Qh2 Rd7 32. Kh1 Rdg7 33. f3 Qd3 {[%emt 0:00:00] Prevents Rd1} 34. Re1 Qc3 {[%emt 0:00:00] Weighted Error Value: White=0.50/Black=0.19 (very precise) .  Loses game:     	White=1     	---        Mistake:       	White=4     	Black=2      Inaccurate:     	---       	Black=1      OK:         	White=7     	Black=10     Best:        	White=3     	Black=3      Strong:       	---       	Black=3} 0-1

[Event "LR Global GM Aspirant-1 2024"]
[Site "Dhaka"]
[Date "2024.02.15"]
[Round "4.2"]
[White "Liyanage, Ranindu Dilshan"]
[Black "Barua, Dibyendu"]
[Result "1-0"]
[ECO "D45"]
[WhiteElo "2366"]
[BlackElo "2404"]
[Annotator "TA"]
[PlyCount "105"]
[EventDate "2024.02.12"]
[EventType "tourn"]
[EventCountry "BAN"]
[SourceTitle "playchess.com"]
[Source "ChessBase"]
[SourceQuality "1"]
[TimeControl "5400+30"]

1. d4 d5 2. c4 e6 3. Nf3 Nf6 4. Nc3 c6 5. e3 Nbd7 6. Qc2 Bd6 7. Be2 dxc4 8. a4 e5 9. O-O O-O 10. Bxc4 Qe7 11. h3 exd4 12. exd4 Nb6 13. Bb3 {[%emt 0:07:27] White is slightly better.} Be6 14. Bg5 Bxb3 15. Qxb3 Qe6 16. Qxe6 fxe6 17. Rfe1 Rfe8 18. Re2 h6 19. Bh4 Nbd5 20. Bg3 Bb4 21. Na2 a5 22. Nc1 Nh5 23. Be5 Nhf4 24. Rc2 Rad8 25. Nb3 Rd7 26. Nc5 Bxc5 27. dxc5 Nb4 {[%emt 0:00:25] A dynamic duo of knights.} 28. Rc4 Nfd3 29. Bd6 $1 e5 30. Re4 Rf7 31. b3 Rf5 32. Rd1 Kf7 33. Rd2 Re6 (33... Kg8 $11 {remains equal.}) 34. Kh2 (34. Re3 $16) 34... b6 $2 {[%emt 0:00:14] [#] A mistake that costs the game.} 35. cxb6 $1 $18 {[%emt 0:03:25] Threatens to win with b7.} Rxd6 {[%emt 0:00:01] [#]} 36. Nxe5+ $1 Rxe5 37. Rxe5 Nxe5 38. Rxd6 Ke7 39. Rd4 Nd7 40. b7 {[%emt 0:00:12][%cal Od4d7] Rxd7+! is the strong threat.} Na6 41. Rg4 Kf7 42. Rf4+ Ke7 43. Re4+ Kf7 44. Rc4 c5 (44... Nab8 {might work better.} 45. h4 (45. b4 axb4 46. Rxb4 c5 $18) 45... Ke6 46. Re4+ Kf7) 45. Re4 Nab8 46. f4 Nc6 47. Re3 Nd4 $2 (47... c4 48. Rc3 (48. bxc4 Nc5 $18) 48... Nd8 49. Rxc4 Nxb7) 48. g4 {[%emt 0:00:48] White is clearly winning.} Nb8 49. Rc3 Ke6 50. Rxc5 Ndc6 51. h4 Kd6 52. Rf5 Ke7 53. h5 {[%emt 0:00:26] Weighted Error Value: White=0.11 (very precise) /Black=0.30.  Loses game:     	---       	Black=1      Mistake:       	White=1     	Black=3      Inaccurate:     	White=2     	Black=2      OK:         	White=20    	Black=15     Best:        	---       	Black=3      Strong:       	White=2     	---        Brilliant:      	White=1     	---} 1-0

[Event "LR Global GM Aspirant-1 2024"]
[Site "Dhaka"]
[Date "2024.02.15"]
[Round "4.3"]
[White "Panesar Vedant"]
[Black "Murshed, Niaz"]
[Result "1-0"]
[ECO "B01"]
[WhiteElo "2452"]
[BlackElo "2363"]
[Annotator "TA"]
[PlyCount "82"]
[EventDate "2024.02.12"]
[EventType "tourn"]
[EventCountry "BAN"]
[SourceTitle "playchess.com"]
[Source "ChessBase"]
[SourceQuality "1"]
[TimeControl "5400+30"]

1. e4 d5 2. exd5 Qxd5 3. Nc3 Qd8 4. d4 Nf6 5. Nf3 a6 6. Ne5 e6 7. Be3 Nbd7 8. Bc4 {[%emt 0:02:31] White has more active pieces. The black rooks are passive.} (8. Qf3 $14) 8... Bd6 9. f4 Nb6 {[%emt 0:00:57] aiming for ...Bxe5.} 10. Bb3 Nbd5 11. Qf3 O-O 12. Bd2 (12. Bf2 $5) 12... b5 13. Nxd5 exd5 14. O-O Bf5 15. c3 Be4 16. Qh3 Qe7 (16... a5 $142) 17. g4 c5 18. g5 Bxe5 19. fxe5 Ne8 20. Rae1 Nc7 21. Qg4 Bg6 {[%emt 0:12:42] Black is weak on the dark squares} (21... Ne6 $15 22. Rxe4 dxe4 23. Qxe4 Nxg5) 22. h4 $14 Kh8 (22... Rad8 $11) 23. h5 $16 Bd3 24. Rf3 c4 25. Bd1 Ne6 26. Rh3 h6 27. Bf3 Rad8 28. Rg3 Nxg5 29. Bxg5 hxg5 30. Qxg5 Qxg5 31. Rxg5 Kh7 32. Rg3 Bf5 33. Kf2 Rd7 34. Ke3 a5 35. Rf1 {[%emt 0:01:49][%cal Of3d5] And now Bxd5! would win.} Be6 36. Bd1 Kh6 {[%emt 0:01:25] [#]} (36... Rb7 $11) 37. Rg6+ $3 fxg6 38. Rxf8 gxh5 39. Rh8+ Kg5 (39... Kg6 $16) 40. Rxh5+ $18 (40. Bxh5 g6 41. Bf3 b4 $11) 40... Kg6 41. Rh8 Bf5 $2 {[%emt 0:01:45] Weighted Error Value: White=0.10 (very precise) /Black=0.20 (precise) .  Mistake:       	White=1     	Black=6      Inaccurate:     	White=6     	Black=2      OK:         	White=11    	Black=11     Best:        	White=3     	Black=3      Brilliant:      	White=1     	---} (41... Kg5 42. Rb8 b4) 1-0

[Event "LR Global GM Aspirant-1 2024"]
[Site "Dhaka"]
[Date "2024.02.15"]
[Round "4.4"]
[White "Mohammad Fahad, Rahman"]
[Black "Mayank Chakraborty"]
[Result "1/2-1/2"]
[ECO "D31"]
[WhiteElo "2418"]
[BlackElo "2409"]
[Annotator "TA"]
[PlyCount "53"]
[EventDate "2024.02.12"]
[EventType "tourn"]
[EventCountry "BAN"]
[SourceTitle "playchess.com"]
[Source "ChessBase"]
[SourceQuality "1"]
[TimeControl "5400+30"]

1. d4 d5 2. c4 e6 3. Nc3 a6 4. cxd5 exd5 5. Qb3 Bd6 6. Qxd5 Nf6 {[%emt 0:00:07] Prevents e4.} 7. Qb3 c5 8. Be3 {[%emt 0:00:19] White is slightly better.} cxd4 9. Bxd4 Nc6 10. Bb6 Qe7 11. e3 $1 O-O 12. Nf3 Nd7 13. Bd4 b5 14. Rd1 Bb7 {[%emt 0:00:23] [#]} 15. Bxg7 $1 Kxg7 16. Qd5 b4 $1 17. Ne4 Nb6 18. Qxd6 Qxe4 19. Bd3 Qe7 20. Qg3+ Kh8 21. Bxh7 Kxh7 (21... Rfd8 $11 {remains equal.} 22. Rxd8+ Rxd8) 22. Qh3+ (22. Ng5+ $16 Kh6 23. Rd6+ f6 (23... Kh5 24. Qh3+ Kxg5 25. f4#) 24. O-O) 22... Kg7 $11 {[%emt 0:01:12] The position is equal.} 23. Qg4+ Kh7 {[%emt 1:21:25] [#] And now ...Rg8 would win.} 24. Qh3+ Kg7 25. Qg4+ Kh7 {[%emt 0:01:00] ...Rg8 is the strong threat.} 26. Qh3+ Kg7 27. Qg4+ {[%emt 0:02:00] Weighted Error Value: White=0.07 (flawless) /Black=0.07 (flawless) .  Mistake:       	White=1     	Black=1      Inaccurate:     	White=1     	---        OK:         	White=11    	Black=7      Best:        	White=2     	Black=4      Strong:       	White=1     	Black=1} 1/2-1/2

[Event "LR Global GM Aspirant-1 2024"]
[Site "Dhaka"]
[Date "2024.02.15"]
[Round "4.5"]
[White "Siddharth, Jagadeesh"]
[Black "Aradhya, Garg"]
[Result "1-0"]
[ECO "D00"]
[WhiteElo "2457"]
[BlackElo "2390"]
[Annotator "RC"]
[PlyCount "123"]
[EventDate "2024.02.12"]
[EventType "tourn"]
[EventCountry "BAN"]
[SourceTitle "playchess.com"]
[Source "ChessBase"]
[SourceQuality "1"]
[TimeControl "5400+30"]

1. d4 d5 2. Nc3 Nf6 3. Bf4 c5 4. e3 Bg4 5. f3 Bd7 6. dxc5 Nc6 7. a3 e6 8. Nb5 e5 9. Bg5 a6 10. Nd6+ Bxd6 11. cxd6 Be6 12. Ne2 Qxd6 13. c4 d4 14. Qd3 e4 15. fxe4 Ne5 16. Qxd4 Nxe4 17. Nc3 Qxd4 18. exd4 Nxc3 19. dxe5 Ne4 20. Be3 Rc8 21. Rc1 O-O 22. Be2 Rfd8 23. O-O Rd7 24. Rfd1 Rxd1+ 25. Rxd1 h5 26. Bf3 Bg4 27. Bxg4 hxg4 28. Rd4 Nc5 29. Rxg4 Nd3 30. Bh6 Kh7 31. Bd2 Nxb2 32. e6 fxe6 33. Bc3 Nxc4 34. Rxg7+ Kh6 35. Rxb7 Nxa3 36. Bd2+ Kg6 37. Rb6 Nc4 38. Rxe6+ Kf5 39. Re2 Nxd2 40. Rxd2 Rc1+ 41. Kf2 Ra1 42. Kg3 a5 43. Kh4 a4 44. Kh5 a3 45. g4+ Kf4 46. g5 Rb1 47. Rd4+ Kf5 48. Ra4 Rb3 49. h4 Re3 50. Ra5+ Kf4 51. Kg6 Rb3 52. Kh6 Kg4 53. h5 Rb8 54. Rxa3 Rh8+ 55. Kg7 Rxh5 56. g6 Rb5 57. Kh7 Rh5+ 58. Kg8 Rb5 59. g7 Rc5 60. Ra4+ Kg3 61. Kh7 Rc7 62. Kh8 1-0

[Event "LR Global GM Aspirant-1 2024"]
[Site "Dhaka"]
[Date "2024.02.16"]
[Round "5.2"]
[White "Mayank Chakraborty"]
[Black "Siddharth, Jagadeesh"]
[Result "1/2-1/2"]
[ECO "A15"]
[WhiteElo "2409"]
[BlackElo "2457"]
[Annotator "TA"]
[PlyCount "113"]
[EventDate "2024.02.12"]
[EventType "tourn"]
[EventCountry "BAN"]
[SourceTitle "playchess.com"]
[Source "ChessBase"]
[SourceQuality "1"]
[TimeControl "5400+30"]

1. Nf3 Nf6 2. c4 g6 3. b4 Bg7 4. Bb2 b6 5. g3 Bb7 6. Bg2 O-O 7. O-O c5 8. bxc5 bxc5 9. d3 {[%emt 0:01:54] A15: English Opening: 1...Nf6.} d6 10. Nbd2 Nbd7 11. e4 $146 ({Predecessor:} 11. Qa4 Nb6 12. Qa3 Bc6 13. Rab1 Qc7 14. Ba1 Rfb8 15. Nb3 a5 16. Nbd2 Na4 17. Rxb8+ Rxb8 {½-½ Mchedlishvili,M (2607)-Adly,A (2620) Olympiad-43 Batumi 2018 (10.2)}) 11... Ne8 12. Qc2 e5 13. Ne1 Nc7 14. f4 Ne6 15. Nb3 a5 16. f5 Nd4 17. Nxd4 cxd4 18. Bc1 Nc5 19. h4 Bc6 20. Bh3 Rb8 21. Kh2 a4 22. g4 (22. Qd2 {simplifies} Qe7 23. Nc2 Rb7 24. Ba3) 22... gxf5 (22... Qxh4 $2 23. f6 $18) 23. gxf5 Qxh4 $2 (23... Kh8 $15 {keeps the upper hand.}) 24. f6 $1 $18 Nxe4 $2 (24... Bxf6 $2 25. Ng2 $18) (24... Bd7 25. Qg2 Qxh3+ 26. Qxh3 Bxh3 27. Kxh3 Ne6 28. fxg7 Kxg7) 25. dxe4 $18 Bxe4 26. Qf2 (26. Qxa4 Bh6 (26... Bxf6 27. Qd1 $15) 27. Qd1 Bxc1 28. Qxc1 Kh8 $17) 26... Qxf2+ 27. Rxf2 Bh8 28. Bh6 a3 29. Bxf8 Rb2 {[%emt 0:00:06] [#]} 30. Kg1 ({Wrong is} 30. Rxb2 $2 axb2 31. Rd1 Kxf8 $19) (30. Bxd6 $1 $18 Rxf2+ 31. Kg3 Rxf6 32. Bxe5) 30... Kxf8 $16 31. Bf1 Rxf2 32. Kxf2 Bxf6 33. Bd3 $1 Bc6 34. Bxh7 e4 35. Rb1 d3 36. Nxd3 exd3 37. Bxd3 Bb2 38. Ke3 Bd7 39. Be4 Be6 40. Bd5 Bf5 41. Rf1 Bc2 (41... Bg6 $16 {was called for.} 42. Be4 Bh5) 42. Rxf7+ (42. Bxf7 $18 {Strongly threatening Bg6+.} Ke7 43. Kd2) 42... Ke8 $16 43. Kd2 Bb3 44. Rb7 (44. axb3 a2 45. Ra7 a1=Q 46. Rxa1 Bxa1 $11) 44... Bxa2 45. Kc2 Kd8 46. Be6 Ke8 47. Ra7 Kf8 48. Bd5 Ke8 {[%emt 0:00:23] [#]} 49. Bc6+ $1 Kd8 50. Bb5 Kc8 {[%emt 0:00:02] [#]} 51. Ra6 ({Better is} 51. Rh7 $1 $16) 51... Kc7 $11 52. Rc6+ Kd7 53. Rb6+ Kc7 54. Ra6 d5 55. c5 Bc4 56. Bxc4 dxc4 57. Rxa3 1/2-1/2

[Event "LR Global GM Aspirant-1 2024"]
[Site "Dhaka"]
[Date "2024.02.16"]
[Round "5.3"]
[White "Murshed, Niaz"]
[Black "Mohammad Fahad, Rahman"]
[Result "1/2-1/2"]
[ECO "D02"]
[WhiteElo "2363"]
[BlackElo "2418"]
[Annotator "RC"]
[PlyCount "68"]
[EventDate "2024.02.12"]
[EventType "tourn"]
[EventCountry "BAN"]
[SourceTitle "playchess.com"]
[Source "ChessBase"]
[SourceQuality "1"]
[TimeControl "5400+30"]

1. Nf3 d5 2. d4 Nf6 3. Bf4 c5 4. e3 Nc6 5. Nc3 Bg4 6. Be2 e6 7. Ne5 Bxe2 8. Nxe2 cxd4 9. exd4 Bd6 10. O-O O-O 11. c3 Bxe5 12. Bxe5 Nxe5 13. dxe5 Nd7 14. Qd4 Qa5 15. b3 Rac8 16. a4 Qa6 17. Rfe1 Rc6 18. c4 Nc5 19. cxd5 Nxb3 20. Qd1 Rb6 21. Ra3 Qa5 22. d6 f6 23. Nc1 Nxc1 24. Qxc1 fxe5 25. Rd3 Rc6 26. Qd1 Rc4 27. d7 Rd8 28. h3 Rxa4 29. Rxe5 Qxe5 30. Qxa4 a6 31. Qc4 Qe1+ 32. Kh2 Qe5+ 33. Kg1 Qe1+ 34. Kh2 Qe5+ 1/2-1/2

[Event "LR Global GM Aspirant-1 2024"]
[Site "Dhaka"]
[Date "2024.02.16"]
[Round "5.4"]
[White "Barua, Dibyendu"]
[Black "Panesar Vedant"]
[Result "0-1"]
[ECO "C55"]
[WhiteElo "2404"]
[BlackElo "2452"]
[Annotator "TA"]
[PlyCount "76"]
[EventDate "2024.02.12"]
[EventType "tourn"]
[EventCountry "BAN"]
[SourceTitle "playchess.com"]
[Source "ChessBase"]
[SourceQuality "1"]
[TimeControl "5400+30"]

1. e4 e5 2. Bc4 Nf6 3. d3 Nc6 4. Nf3 h6 5. O-O d6 6. c3 g5 7. Re1 g4 8. Nfd2 h5 {[%emt 0:00:18] The position is equal.} 9. Nf1 Bh6 10. Bxh6 Rxh6 11. d4 h4 12. Bb5 Bd7 13. Bxc6 Bxc6 14. dxe5 (14. Nbd2 $11) 14... dxe5 $15 {[%emt 0:00:13] aiming for ...Qxd1.} (14... Nxe4 $6 15. Nbd2 (15. Qxg4 $2 Rg6 $19) 15... d5 (15... Nxd2 16. Qxd2 Rg6 17. exd6+ Kf8 18. dxc7 $16) 16. Nxe4 (16. Qxg4 Rg6 $14) 16... dxe4 17. Qxg4 $14) 15. Qd3 {[%emt 0:53:19][%mdl 8192] [#]} Qd5 $4 16. Qxd5 (16. exd5 $142 Bxd5 17. Rxe5+ Be6 18. Qe3) 16... Rc8 {[%emt 1:24:40] [#]} (16... Nxd5 $142 17. exd5 Bxd5 18. Rxe5+ Be6) 17. Qd8+ $2 Rxd8 18. Nbd2 h3 {[%emt 0:00:00] ...hxg2 is the strong threat.} 19. g3 Bb5 {[%emt 0:00:00] Black has more active pieces.} 20. a4 {[%emt 0:00:00] [#]} ({Better is} 20. c4 $15 Bc6 21. b4) 20... Bxf1 $1 $17 21. Nxf1 Nh7 22. Ne3 {[%emt 0:00:00] [#]} Ng5 $1 23. Red1 (23. Nxg4 $2 Nf3+ 24. Kf1 Rg6 $19 (24... Rb6 25. Re3 $15)) 23... Nf3+ 24. Kf1 (24. Kh1 $17 {keeps fighting.}) 24... Rhd6 $19 (24... Nxh2+ 25. Ke2 Rb6 26. Rxd8+ Kxd8 27. b4 $11) 25. Rxd6 Rxd6 (25... Nxh2+ 26. Ke2 Rxd6 27. Rh1 $16) 26. Nxg4 $17 {[%emt 0:00:00][%mdl 4096] Endgame. KRN-KRN} Rd2 27. b4 Ke7 {[%emt 0:00:00][%mdl 1024] Black has strong compensation.} 28. Ra3 (28. c4 $17) 28... Rb2 $19 29. b5 (29. c4 $142 Nd2+ 30. Ke1 Nxc4 31. Ra1) 29... Ke6 30. c4 Nd2+ 31. Ke1 Nxe4 (31... Nxc4 32. Rf3 $17) 32. Rf3 Ra2 (32... f5 33. Nh6 $17) 33. Nh6 f6 (33... Rxa4 34. Nxf7 Rxc4 35. Nd8+ Kd5 36. Nxb7 $11) 34. g4 (34. Re3 $142 Nxf2 35. a5) 34... Ng5 (34... Rxa4 35. Rxh3 Rxc4 36. Rh5 $19) 35. Re3 Kd6 {[%emt 0:00:00][%cal Oe5e4] And now ...e4! would win.} ({Less strong is} 35... Rxa4 36. f4 Nh7 (36... Ra1+ 37. Kf2 $11) 37. Nf5 $17) 36. Ng8 Rxa4 {[%emt 0:00:00] Black has a decisive advantage.} 37. Nxf6 Rxc4 38. Ne8+ Kd7 {[%emt 0:00:00] Weighted Error Value: White=0.79/Black=0.12 (very precise) .  Loses game:     	White=1     	---        Missed win:     	---       	Black=1      Mistake:       	White=7     	---        Inaccurate:     	White=2     	Black=1      OK:         	White=8     	Black=15     Best:        	White=2     	Black=2      Strong:       	---       	Black=1} 0-1

[Event "LR Global GM Aspirant-1 2024"]
[Site "Dhaka"]
[Date "2024.02.16"]
[Round "6.2"]
[White "Panesar Vedant"]
[Black "Rahman, Ziaur"]
[Result "1/2-1/2"]
[ECO "B45"]
[WhiteElo "2452"]
[BlackElo "2428"]
[Annotator "TA"]
[PlyCount "36"]
[EventDate "2024.02.12"]
[EventType "tourn"]
[EventCountry "BAN"]
[SourceTitle "playchess.com"]
[Source "ChessBase"]
[SourceQuality "1"]
[TimeControl "5400+30"]

1. e4 c5 2. Nf3 e6 3. d4 cxd4 4. Nxd4 Nf6 5. Nc3 Nc6 6. a3 Be7 7. Nxc6 bxc6 8. e5 Nd5 {[%emt 0:00:04] Threatening ...Nxc3.} 9. Qg4 {[%emt 0:00:17] The position is equal.} g6 10. Ne4 f5 11. exf6 Nxf6 12. Nxf6+ Bxf6 13. Bd3 O-O 14. O-O Rf7 15. c3 a5 16. Bh6 Bg7 17. Bg5 (17. Bxg7 $11 Kxg7 18. Rae1) 17... Bf6 ({Black should play} 17... Qc7 $15) 18. Bh6 ({White should try} 18. Bxf6 $11 Qxf6 19. f4) 18... Bg7 {[%emt 0:00:05] Weighted Error Value: White=0.26 (precise) /Black=0.21 (precise) .  Mistake:       	White=2     	Black=2      Inaccurate:     	White=1     	Black=1      OK:         	White=2     	Black=2      Best:        	White=1     	---} (18... d5 $15) 1/2-1/2

[Event "LR Global GM Aspirant-1 2024"]
[Site "Dhaka"]
[Date "2024.02.16"]
[Round "6.3"]
[White "Mohammad Fahad, Rahman"]
[Black "Barua, Dibyendu"]
[Result "1/2-1/2"]
[ECO "E01"]
[WhiteElo "2418"]
[BlackElo "2404"]
[Annotator "RC"]
[PlyCount "134"]
[EventDate "2024.02.12"]
[EventType "tourn"]
[EventCountry "BAN"]
[SourceTitle "playchess.com"]
[Source "ChessBase"]
[SourceQuality "1"]
[TimeControl "5400+30"]

1. d4 d5 2. c4 e6 3. Nc3 Nf6 4. Nf3 c6 5. g3 Nbd7 6. Bg2 Bd6 7. O-O O-O 8. b3 Qe7 9. Qc2 Re8 10. Bb2 Ba3 11. Bxa3 Qxa3 12. e4 dxe4 13. Nxe4 Nxe4 14. Qxe4 Nf6 15. Qf4 Rd8 16. Rfd1 Bd7 17. Ne5 Be8 18. Qh4 Nd7 19. Ng4 Nf8 20. Ne3 Ng6 21. Qe4 Qe7 22. h4 f5 23. Qf3 Qf6 24. Nc2 e5 25. Ne3 exd4 26. Nxf5 Ne5 27. Qf4 d3 28. c5 Bh5 29. f3 Rf8 30. Re1 Nxf3+ 31. Bxf3 Bxf3 32. Qxf3 Qxf5 33. Qxf5 Rxf5 34. Rad1 Rd8 35. b4 h5 36. Rd2 Rd4 37. a3 Kf7 38. Re3 Rfd5 39. Kf2 Kf6 40. Re8 Rd8 41. Re3 R8d7 42. Ke1 Kg6 43. Rf2 Rc4 44. Kd1 Rc3 45. Re6+ Kh7 46. Rf5 Rxa3 47. Rxh5+ Kg8 48. Rf5 d2 49. Rd6 Rxd6 50. cxd6 Rd3 51. Re5 Rxd6 52. Re7 b6 53. Rxa7 Kh7 54. Rb7 b5 55. Rc7 Kh6 56. g4 g6 57. Re7 Rd4 58. g5+ Kh5 59. Rh7+ Kg4 60. Rh6 Rd6 61. Rh8 Kf5 62. Rf8+ Ke5 63. Rf2 Rd4 64. Rf6 Rxh4 65. Rxc6 Rxb4 66. Rxg6 Kf5 67. Rb6 Ke5 1/2-1/2